 Dungeon Crawl Stone Soup version 0.25.0-9-g26727b657a (webtiles) character file.

Game seed: 3888489792093096148

16 dorian the Scratcher (level 2, 0/12 HPs)
             Began as a Felid Transmuter on June 19, 2020.
             Slain by a hobgoblin (3 damage)
             ... on level 1 of the Dungeon.
             The game lasted 00:01:35 (535 turns).

dorian the Scratcher (Felid Transmuter)              Turns: 535, Time: 00:01:35

Health: 0/12       AC:  1    Str:  6    XL:     2   Next: 41%
Magic:  5/6        EV: 18    Int: 14    God:
Gold:   11         SH:  0    Dex: 16    Spells: 4/5 levels left
                                        Lives:  0   Deaths: 0

rFire    . . .     SeeInvis +     - Unarmed
rCold    . . .     Gourm    .   (shield unavailable)
rNeg     . . .     Faith    .   (armour unavailable)
rPois    .         Spirit   .   (helmet unavailable)
rElec    .         Reflect  .   (cloak unavailable)
rCorr    .         Harm     .   (gloves unavailable)
MR       .....                  (boots unavailable)
Stlth    ++........             (no amulet)
HPRegen  0.04/turn              (no ring)
MPRegen  0.10/turn              (no ring)

@: appendage, very slightly contaminated, quick
A: very small, no armour, no weapons or thrown items, stealth, claws 1, fangs 3,
horns 2, see invisible, carnivore, speed 1, shaggy fur 1, slow metabolism 1,
sharp paws
a: End Transformation


You were on level 1 of the Dungeon.
You were very full.
You had grown temporary horns.
You visited 1 branch of the dungeon, and saw 2 of its levels.

You collected 11 gold pieces.

Inventory:

Missiles
 a - 12 arrows
Scrolls
 d - a scroll of remove curse {unknown}
 e - a scroll of noise {unknown}
 f - a scroll of fear {unknown}
Potions
 b - a potion of flight {unknown}
Comestibles
 c - 2 rations


   Skills:
 - Level 1.0 Fighting
 - Level 2.6 Dodging
 + Level 1.6 Stealth
 + Level 3.3 Unarmed Combat
 - Level 2.0 Spellcasting
 + Level 2.6 Transmutations


You had 4 spell levels left.
You knew the following spells:

 Your Spells              Type           Power        Failure   Level  Hunger
a - Beastly Appendage     Tmut           #.....       8%          1    ##.....

Your spell library contained the following spells:

 Spells                   Type           Power        Failure   Level  Hunger
 Sticks to Snakes         Tmut           #.......     12%         2    ###....
 Spider Form              Tmut/Pois      #.........   38%         3    ####...
 Ice Form                 Ice/Tmut       #.......     80%         4    #####..
 Blade Hands              Tmut           #.........   91%         5    ######.


Dungeon Overview and Level Annotations

Branches:
Dungeon (2/15)

Altars:
Okawaru


Innate Abilities, Weirdness & Mutations

You cannot wear armour.
You are incapable of wielding weapons or throwing items.
Your paws allow you to move quietly. (Stealth)
You have sharp claws.
You have razor-sharp teeth.
You have supernaturally acute eyesight. (SInv)
You are carnivorous and can eat meat at any time.
You cover ground quickly.
You are covered in fur. (AC +1)
You have a slow metabolism.
Your sharp claws are effective at attacking unaware monsters.
You have a pair of horns on your head.


Message History

The bat misses you.
You scratch the bat.
You kill the bat!
The hobgoblin shouts!
You barely miss the hobgoblin. The hobgoblin misses you.
You scratch the hobgoblin but do no damage.
The hobgoblin hits you.
* * * LOW HITPOINT WARNING * * *
You are too injured to fight recklessly!
You are too injured to fight recklessly!
You are too injured to fight recklessly!
You see here a scroll labeled BOZAOM DIHUATY.
Casting: Beastly Appendage (safe; 8% risk of failure)
Confirm with . or Enter, or press ? or * to list all spells.
You grow a pair of large bovine horns.
You scratch the hobgoblin but do no damage.
The hobgoblin closely misses you.
You scratch the hobgoblin but do no damage.
The hobgoblin hits you.
You die...

#.##### ###...†.# #....
#.# #.... #.####.#
#....##......#
..#........#####
...........+
..#....!.g.#############
#.......@.............#
#.........###########.#
#.......)(# #.# .
#........)###########.# .
....................>#.###
#
###........###.#.###.#...#
#...###### # #.#.#.# #...
#.###.###.. #..
#..........


You could see a hobgoblin.

Vanquished Creatures
  A dart slug (D:1)
  A leopard gecko (D:1)
  2 ball pythons
  2 bats (D:1)
  A giant cockroach (D:1)
  4 goblins (D:1)
  2 kobolds (D:1)
13 creatures vanquished.

Notes
Turn   | Place    | Note
-------+----------+-------------------------------------------
     0 | D:1      | dorian the Felid Transmuter began the quest for the Orb.
     0 | D:1      | Reached XP level 1. HP: 9/9 MP: 4/4
    51 | D:1      | Reached skill level 1 in Stealth
    63 | D:1      | Reached XP level 2. HP: 11/12 MP: 6/6
   190 | D:1      | You fall into a shaft and drop 1 floor!
   205 | D:2      | Found an iron altar of Okawaru.
   535 | D:1      | Slain by a hobgoblin

Illustrated notes

Levels and vault maps discovered:
D:1:      lightli_arrival_maybe_door_vault, layout_basic
D:2:      layout_basic, riverfiend_overflow_shadow_ancestor, okawaru_gym_becter,
          nicolae_overflow_crystal_walls, first_ration, uniq_jessica,
          uniq_terence

Skill      XL: |  1 |
---------------+----+-----
Stealth        | 1 |  1.6
Fighting       | |  1.0
Dodging        | |  2.6
Unarmed Combat | |  3.3
Spellcasting   | |  2.0
Transmutations | |  2.6

Action                   || total
-------------------------++-------
Melee: Unarmed           ||    46
       Bite              ||     3
 Cast: Beastly Appendage ||     3
 Stab: Sleeping          ||     2
  Eat: Chunk             ||     6
Dodge: Dodged            ||    40
